 Dungeon Crawl Stone Soup version bcrawl-1.13-2-g5ca86534bc (webtiles) character file.

Game seed: 2469827896111020508

165 Chiseanne the Sneak (level 5, -2/42 HPs)
             Began as an Oni Archaeologist on July 30, 2019.
             Succumbed to Ijyb's poison
             ... on level 3 of the Dungeon.
             The game lasted 00:06:14 (2799 turns).

Chiseanne the Sneak (Oni Archaeologist)             Turns: 2799, Time: 00:06:14

Health: -2/42      AC: 12    Str: 14    XL:     5   Next: 46%
Magic:  7/7        EV:  5    Int: 16    God:
Gold:   122        SH:  0    Dex: -4 (10) Spells: 5/5 levels left

rFire    . . .     SeeInvis .   (weapon currently unavailable)
rCold    . . .     Gourm    .   (shield currently unavailable)
rNeg     + + +     Faith    .   (armour currently unavailable)
rPois    +         Spirit   .   (helmet currently unavailable)
rElec    .         Reflect  .   (cloak currently unavailable)
rCorr    .         Harm     .   (gloves currently unavailable)
MR       .....                  (boots currently unavailable)
Stlth    ..........             (no amulet)
HPRegen  0.14/turn              (no ring)
MPRegen  0.10/turn              (no ring)

@: lethally poisoned (-2 -> -44), fungus-form, slowed, lost dexterity, studying
Stealth, very slow
A: tiny, oni magic
a: no special abilities


You were on level 3 of the Dungeon.
You were very hungry.
You were a sentient fungus.
You visited 1 branch of the dungeon, and saw 3 of its levels.

You collected 122 gold pieces.

Inventory:

Hand Weapons
 a - a +0 mace of draining (melded)
Missiles
 h - 112 poisoned tomahawks
 i - 310 stones (quivered)
 m - 258 poisoned needles
 p - 264 sling bullets
 t - 126 bolts
Armour
 c - a +1 hat (melded)
 d - a +1 pair of boots (melded)
 l - a +1 ring mail (melded)
Scrolls
 q - 2 scrolls of magic mapping
Books
 e - a manual of Stealth
Miscellaneous
 f - an ancient crate
Comestibles
 g - 4 rations {!d}


   Skills:
 - Level 2.4 Fighting
 - Level 1.1 Maces & Flails
 - Level 2.6 Dodging
 + Level 6.2 Stealth
 - Level 0.6 Spellcasting


You had 5 spell levels left.
You didn't know any spells.
Your spell library contained the following spells:

 Spells                   Type           Power        Failure   Level  Hunger
 Apportation              Tloc           #.....       17%         1    ##.....
 Poisonous Vapours        Pois/Air       #.....       28%         2    ###....


Dungeon Overview and Level Annotations

Branches:
Dungeon (3/12)

Altars:
Elyvilon
Fedhas
Nemelex Xobeh

Annotations:
D:3 Ijyb


Innate Abilities, Weirdness & Mutations

You learn spells by gaining experience, not through books or religion.
You only train spellcasting to practice magic.
((You have sharp fingernails.))
((You have very sharp teeth.))
((You have a pair of small horns on your head.))


Message History

You are more poisoned.
You closely miss Ijyb.
Ijyb is severely wounded.
* * * LOW HITPOINT WARNING * * *
You feel very sick. Ijyb hits you but does no damage.
You are more poisoned.
Ijyb zaps a wand.
You turn into a sentient fungus.
Your +0 mace of draining melds into your body.
Your +1 hat melds into your body.
Your +1 pair of boots melds into your body.
Your +1 ring mail melds into your body.
You barely miss Ijyb.
Ijyb is severely wounded.
* * * LOW HITPOINT WARNING * * *
You feel very sick. Ijyb hits you but does no damage. x2
You closely miss Ijyb.
Ijyb is severely wounded.
You die...

#. ####### #. #.....#
####'######...#.#
#...>.........#.#
#.............#.#
#.............#.#####
##......##+###.#.....♣♣
.'......##.# #.#......♣♣
##.....f##.###.##.##....
#####..g......##.##...♣
#...#.######.##.#♣♣
#...#......#.##.#
#...###.####.##.### #...#
#.# #..#....
########...###.#####.#.###
#..................#.#....
#.###....####.####.#.#####


You could see Ijyb.

Vanquished Creatures
  A quasit (D:3)
  Natasha (D:3)
  A gnoll (D:2)
  3 oozes
  3 worms
  2 dart slugs
  5 leopard geckos
  An orc (D:2)
  2 giant cockroaches (D:1)
  6 goblins
  4 hobgoblins (D:1)
  11 jackals
  8 kobolds
  2 quokkas (D:2)
  2 ball pythons (D:1)
  6 bats
  4 frilled lizards (D:2)
  4 rats (D:2)
66 creatures vanquished.

Vanquished Creatures (others)
  9 toadstools (D:3)
9 creatures vanquished.

Grand Total: 75 creatures vanquished

Notes
Turn   | Place    | Note
-------+----------+-------------------------------------------
     0 | D:1      | Chiseanne the Oni Archaeologist began the quest for the
                  | Orb.
     0 | D:1      | Reached XP level 1. HP: 16/16 MP: 3/3
   190 | D:1      | Reached XP level 2. HP: 23/24 MP: 4/4
   421 | D:1      | Reached XP level 3. HP: 22/30 MP: 5/5
   537 | D:1      | Reached skill level 3 in Stealth
   566 | D:1      | Found a sparkling altar of Nemelex Xobeh.
  1226 | D:2      | Found a white marble altar of Elyvilon.
  1266 | D:2      | Reached skill level 4 in Stealth
  1313 | D:2      | Reached XP level 4. HP: 33/37 MP: 6/6
  1777 | D:3      | Noticed Ijyb
  2065 | D:3      | Reached skill level 5 in Stealth
  2217 | D:3      | Lost dexterity.
  2223 | D:3      | Noticed Natasha
  2238 | D:3      | HP: 1/37 [quasit (2)]
  2250 | D:3      | Reached XP level 5. HP: 17/42 MP: 7/7
  2259 | D:3      | Killed Natasha
  2259 | D:3      | Reached skill level 6 in Stealth
  2524 | D:3      | Found a blossoming altar of Fedhas.
  2798 | D:3      | HP: 2/42 [poisoned by Ijyb]
  2799 | D:3      | Succumbed to Ijyb's poison

Skill      XL: |  1  2  3  4  5 |
---------------+----------------+-----
Fighting       | 2 |  2.4
Stealth        | 4 5 6 |  6.2
Maces & Flails | |  1.1
Dodging        | |  2.6
Spellcasting   | |  0.6

Action                   |  1- 3 |  4- 6 || total
-------------------------+-------+-------++-------
Melee: Whip              |    91 |       ||    91
       Headbutt          |    17 |     5 ||    22
       Bite              |     8 |     7 ||    15
       Mace              |    32 |   156 ||   188
       Unarmed           |       |     2 ||     2
Throw: Stone             |       |     1 ||     1
  Use: Scroll            |     5 |     3 ||     8
       Potion            |       |     5 ||     5
 Stab: Sleeping          |     5 |     2 ||     7
  Eat: Chunk             |     1 |     5 ||     6
Armor: Animal skin       |    36 |       ||    36
       Ring mail         |     3 |   276 ||   279
       Skin              |       |     1 ||     1
Dodge: Dodged            |   104 |   155 ||   259
